AoeStats
← capt. Bear

Nomad

508831048Analyzed
4v4 RM · 9d ago on Sep 24, 2026· 47m 47s· 8 players
Game mode
Random Map
Map size
231×231
Population
200
Speed
Normal
Resources
Standard
Victory
Conquest
Starting age
Dark Age
Ending age
Imperial Age
RankedLock teamsTeams togetherTeam positionsShared explorationLock speedFull tech treeHidden civsTurbo modeCheats
Victory
Defeat
🇦🇷 Saxons · Argentina
1629
+14
🇹🇼 Varangians · Taiwan
1598
+15
🇭🇰 Persians · Hong Kong SAR China
1514
+18
🇹🇼 Italians · Taiwan
1504
+19
🇻🇳 Bulgarians · Vietnam
1644
-19
🇻🇳 Persians · Vietnam
1622
-18
🇭🇰 Byzantines · Hong Kong SAR China
1524
-15
🇻🇳 Mongols · Vietnam
1500
-14
luanb10
4:59 Loom
12:35 Feudal Age
17:15 Castle Age
15:50 Double-Bit Axe
16:15 Fletching
22:01 Bow Saw
26:43 Padded Archer Armor
29:28 Bodkin Arrow
34:29 Wheelbarrow
34:23 Gold Mining
35:25 Elite Skirmisher
36:28 Hand Cart
35:45 Crossbowman
40:01 Imperial Age
38:07 Ballistics
38:14 Leather Archer Armor
38:05 Thumb Ring
39:17 Gold Shaft Mining
39:41 Stone Mining
41:16 Conscription
40:32 Arbalester
47:17 Bracer
48:02 Town Watch
jardan1234
7:17 Loom
12:34 Feudal Age
25:23 Castle Age
25:04 Gold Mining
25:51 Double-Bit Axe
28:47 Sanctity
29:45 Fletching
32:02 Fervor
35:31 Redemption
timembh
5:00 Loom
12:54 Feudal Age
17:30 Castle Age
15:55 Double-Bit Axe
22:56 Husbandry
25:21 Horse Collar
26:55 Scale Barding Armor
27:21 Fletching
28:37 Bloodlines
28:18 Town Watch
37:18 Bodkin Arrow
45:58 Ballistics
Eagles_SlGiap
5:01 Loom
15:47 Feudal Age
21:21 Castle Age
20:06 Double-Bit Axe
26:30 Wheelbarrow
27:31 Fletching
Qoo
5:24 Loom
13:12 Feudal Age
14:04 Double-Bit Axe
19:20 Castle Age
20:02 Fletching
20:44 Bodkin Arrow
23:00 Padded Archer Armor
27:16 Leather Archer Armor
32:58 Wheelbarrow
33:14 Bow Saw
34:42 Ballistics
34:21 Murder Holes
37:34 Silk Road
42:14 Masonry
46:29 Hand Cart
46:02 Town Watch
72 Black Fan
4:37 Loom
12:56 Feudal Age
16:35 Castle Age
14:51 Town Watch
16:51 Double-Bit Axe
17:36 Fletching
21:36 Bow Saw
25:25 Horse Collar
26:24 Arson
28:48 Scale Mail Armor
29:14 Squires
33:36 Devotion
37:18 Wheelbarrow
37:21 Chain Mail Armor
37:41 Gold Mining
40:50 Imperial Age
38:56 Gambesons
39:23 Forging
42:05 Plate Mail Armor
41:15 Elite Varangian Guard
42:17 Conscription
42:01 Capped Ram
43:39 Iron Casting
43:01 Bodkin Arrow
43:51 Shield Wall
46:25 Gold Shaft Mining
45:41 Stone Mining
45:16 Pikeman
45:38 Siege Ram
47:38 Padded Archer Armor
YMK414
8:37 Loom
19:05 Feudal Age
23:18 Fishing Lines
27:58 Castle Age
26:09 Double-Bit Axe
27:15 Gold Mining
37:34 Imperial Age
35:45 Gillnets
37:17 Wheelbarrow
38:10 Gold Shaft Mining
40:06 Stone Mining
41:00 Fletching
41:42 Bow Saw
42:30 Stone Shaft Mining
42:06 Scale Barding Armor
44:46 Chain Barding Armor
47:05 Two-Man Saw
47:19 Bloodlines
47:32 Conscription
48:18 Hand Cart
capt. Bear
11:05 Loom
13:26 Feudal Age
14:37 Town Watch
17:38 Castle Age
15:31 Double-Bit Axe
15:59 Fletching
19:13 Bodkin Arrow
20:14 Wheelbarrow
25:41 Forging
33:44 Iron Casting
36:16 Scale Barding Armor
38:29 Horse Collar
39:38 Chain Barding Armor
44:50 Imperial Age
42:39 Bow Saw
44:09 Hand Cart
47:54 Blast Furnace
47:55 Plate Barding Armor
47:55 Bloodlines
48:11 Husbandry
Connection lost

Rejoining the realm…

Still unreachable

The connection could not be restored.

Session expired

The server has moved on; the page needs a fresh start.